 Dungeon Crawl Stone Soup version 0.28.0-49-g6dfe1f597d (webtiles) character file.

Game seed: 6193807588861757404

147 Zeld the Chucker (level 5, -1/52 HPs)
             Began as a Troll Hunter on May 15, 2022.
             Slain by a gnoll
             ... wielding a +0 flail
              (7 damage)
             ... on level 3 of the Dungeon.
             The game lasted 00:04:44 (2434 turns).

Zeld the Chucker (Troll Hunter)                     Turns: 2434, Time: 00:04:45

Health: -1/52      AC:  4    Str: 22    XL:     5   Next: 7%
Magic:  4/4        EV: 10    Int:  7    God:
Gold:   132        SH:  0    Dex: 10    Spells: 4/4 levels left

rFire   . . .      SeeInvis .   f - +0 whip
rCold   . . .      Faith    .   (no shield)
rNeg    . . .      Spirit   .   q - +0 robe
rPois   .          Reflect  .   a - +0 hat
rElec   .          Harm     .   (no cloak)
rCorr   .          Rampage  .   (gloves unavailable)
Will    .....                   (boots unavailable)
Stlth   +.........              (no amulet)
HPRegen 0.97/turn               (no ring)
MPRegen 0.09/turn               (no ring)

@: no status effects
A: large, unfitting armour, claws 3, regeneration 1, shaggy fur 1, tough skin 1
a: no special abilities


You were on level 3 of the Dungeon.
You visited 1 branch of the dungeon, and saw 3 of its levels.

You collected 132 gold pieces.

Inventory:

Hand Weapons
 f - a +0 whip (weapon)
Missiles
 c - 5 large rocks (quivered)
 d - 2 throwing nets
Armour
 a - a +0 hat (worn)
 q - a +0 robe (worn)
Scrolls
 b - 2 scrolls of teleportation {unknown}
 e - 3 scrolls of identify {unknown}
 g - a scroll of vulnerability {unknown}
 i - 2 scrolls of holy word {unknown}
 k - 2 scrolls of fog {unknown}
 m - a scroll of summoning {unknown}
Potions
 h - a potion of attraction {unknown}
 j - 2 potions of curing {unknown}
 l - a potion of brilliance {unknown}


   Skills:
 * Level 2.8 Fighting
 + Level 1.3 Maces & Flails
 * Level 4.5 Throwing
 + Level 2.2 Dodging
 - Level 0.3 Stealth


You had 4 spell levels left.
You didn't know any spells.
Your spell library was empty.

Dungeon Overview and Level Annotations

Branches:
Dungeon (3/15)

Altars:


Innate Abilities, Weirdness & Mutations

You are too large for most types of armour.
You have claws for hands.
Your natural rate of healing is unusually fast.
You are covered in fur. (AC +1)
You have tough skin. (AC +1)


Message History

A gnoll is nearby!
A gnoll is nearby!
A gnoll is nearby!
A gnoll is nearby!
The gnoll shouts!
Things that are here:
a +0 flail; a gnoll corpse The gnoll hits you with a +0 flail!
You closely miss the gnoll. The gnoll barely misses you.
You hit the gnoll but do no damage. The gnoll hits you with a +0 flail.
You barely miss the gnoll. The gnoll misses you.
You hit the gnoll.
The gnoll is moderately wounded.
The gnoll hits you with a +0 flail!
You hit the gnoll.
The gnoll is severely wounded.
The gnoll misses you.
You hit the gnoll.
The gnoll is severely wounded.
The gnoll barely misses you. The gnoll hits you with a +0 flail!
You barely miss the gnoll.
The gnoll is severely wounded.
The gnoll hits you with a +0 flail.
You hit the gnoll but do no damage.
The gnoll is severely wounded.
The gnoll hits you with a +0 flail.
You are too injured to fight recklessly!
You barely miss the gnoll.
The gnoll is severely wounded.
The gnoll hits you with a +0 flail!
* * * LOW HITPOINT WARNING * * *
You closely miss the gnoll.
The gnoll is severely wounded.
The gnoll hits you with a +0 flail!
* * * LOW HITPOINT WARNING * * *
Unknown command.
You hit the gnoll but do no damage.
The gnoll is severely wounded.
The gnoll hits you with a +0 flail!
You die...

,,,,,..........#####.....##......
,,*,,....................##......
,,*,,..........#####.....##......
,,*,,..........#####.######......
,,*,,.............##.###**####...
,,*,,.............##.....,,,,#...
,,*,,.#####.......##......,,,#...
,,,,,,,,,,#.....g.........,,,#...
,,,,,,,,,,#.....@.........,,,#...
*,,,,,,,,,#.....).........,,,##..
*,,,,,,,,,#...............,,,*###
*,,,,,,,,,#....#..........,,,*
,,,,,,,,,......#..........,..*
,,,,,,,,,.)....#..........,..####
,,,,,,,,,.................,......
***,,,,,,.................,......
***,,,,,,.................,......


You could see a gnoll.

Vanquished Creatures
  Natasha (D:2)
  2 gnolls
  2 adders (D:3)
  3 worms
  4 dart slugs
  4 endoplasms
  4 giant cockroaches
  9 goblins
  7 hobgoblins
  7 kobolds
  4 quokkas
  5 ball pythons
  6 bats
  6 frilled lizards
  5 rats
69 creatures vanquished.

Vanquished Creatures (others)
  2 plants (D:1)
2 creatures vanquished.

Grand Total: 71 creatures vanquished

Notes
Turn   | Place    | Note
-------+----------+-------------------------------------------
     0 | D:1      | Zeld the Troll Hunter began the quest for the Orb.
     0 | D:1      | Reached XP level 1. HP: 19/19 MP: 0/0
   132 | D:2      | HP: 1/20 [kobold/+0 dagger (2)]
   140 | D:2      | HP: 1/20 [kobold/+0 whip (2)]
   147 | D:2      | Reached XP level 2. HP: 9/28 MP: 1/1
   394 | D:1      | Reached skill level 4 in Throwing
   394 | D:1      | Reached XP level 3. HP: 34/35 MP: 2/2
   602 | D:1      | Found a faded altar of an unknown god.
   846 | D:2      | Noticed Natasha
   863 | D:2      | Killed Natasha
   864 | D:2      | Reached XP level 4. HP: 17/44 MP: 3/3
   869 | D:2      | Reached skill level 1 in Maces & Flails
  2156 | D:2      | Reached XP level 5. HP: 47/52 MP: 4/4
  2434 | D:3      | Slain by a gnoll

Illustrated notes

Levels and vault maps discovered:
D:1:      wander_arrival_fairy_ring, layout_rooms, basic_ecumenical_altar,
          minmay_vboxes
D:2:      layout_basic, serial_rivers, chequers_serial_rivers_room_a,
          chequers_serial_rivers_small_b, chequers_serial_rivers_room_a,
          chequers_serial_rivers_micro_e, uniq_natasha
D:3:      layout_basic

Skill      XL: |  1  2  3  4 |
---------------+-------------+-----
Fighting       | 2 |  2.8
Throwing       | 4 |  4.5
Dodging        | 2 |  2.2
Maces & Flails | 1 |  1.3
Stealth        | |  0.3

Action                   |  1- 3 |  4- 6 || total
-------------------------+-------+-------++-------
Melee: Whip              |   133 |   179 ||   312
       Unarmed           |    18 |       ||    18
       Punch             |     2 |     2 ||     4
 Stab: Sleeping          |     2 |     1 ||     3
Armor: Robe              |    93 |    55 ||   148
Dodge: Dodged            |   147 |   113 ||   260
